 Dungeon Crawl Stone Soup version 0.19-a0-1534-g03f6967 (webtiles) character file.

114 towersofbeng the Skirmisher (level 4, -9/41 HPs)
             Began as a Minotaur Fighter on Sept 13, 2016.
             Killed by divine providence
             ... invoked by an orc priest
              (11 damage)
             ... on level 3 of the Dungeon.
             The game lasted 00:03:13 (1888 turns).

towersofbeng the Skirmisher (Minotaur Fighter)      Turns: 1888, Time: 00:03:14

Health: -9/41      AC:  7    Str: 20 (21) XL:     4   Next: 67%
Magic:  3/3        EV:  7    Int:  2 (5)  God:
Gold:   145        SH:  9    Dex:  8 (10) Spells: 0 memorised, 3 levels left

rFire  . . .     SeeInvis .     a - +0 war axe
rCold  . . .     Gourm    .     b - +0 scale mail
rNeg   . . .     Faith    .     c - +0 shield
rPois  +         Spirit   .     (helmet restricted)
rElec  .         Dismiss  .     (no cloak)
rCorr  .         Reflect  .     (no gloves)
MR     .....     Harm     .     (no boots)
Stlth  .......... Rnd*Rage +    (no amulet)
                                (no ring)
                                (no ring)

@: no status effects
A: retaliatory headbutt, horns 2, berserk 1, poison resistance
a: no special abilities


You were on level 3 of the Dungeon.
You were not hungry.

You visited 1 branch of the dungeon, and saw 3 of its levels.

You collected 145 gold pieces.

Inventory:

Hand Weapons
 a - a +0 war axe (weapon)
Armour
 b - a +0 scale mail (worn)
 c - a +0 shield (worn)
Scrolls
 g - a scroll of amnesia {unknown}
 h - a scroll of noise {unknown}
 i - a scroll of enchant armour {unknown}
 k - a scroll of teleportation {unknown}
 l - a scroll of blinking {unknown}
 n - a scroll of immolation {unknown}
 r - a scroll of fear {unknown}
 s - 2 scrolls of recharging {unknown}
 t - a scroll of magic mapping {unknown}
 u - 4 scrolls of identify {unknown}
 w - a scroll of remove curse {unknown}
 y - a scroll of enchant weapon {unknown}
Potions
 d - a potion of might
 e - a potion of curing
 m - a potion of lignification
 v - a potion of degeneration
Comestibles
 f - 3 bread rations
 j - 2 beef jerkies
 o - a royal jelly
 p - 3 meat rations


   Skills:
 + Level 4.6 Fighting
 + Level 3.6 Axes
 + Level 4.3 Armour
 + Level 0.9 Dodging
 + Level 4.3 Shields


You had 3 spell levels left.
You didn't know any spells.

Dungeon Overview and Level Annotations

Branches:
Dungeon (3/15)

Altars:
Ashenzari
Dithmenos
Elyvilon
Xom
The Shining One


Innate Abilities, Weirdness & Mutations

You reflexively headbutt those who attack you in melee.
You have a pair of horns on your head.
You tend to lose your temper in combat.
Your system is resistant to poisons. (rPois)


Message History

It was a potion of cancellation.
Your magical effects are unravelling.
You feel magically purged.
You feel less woody.
Your +0 scale mail unmelds from your body.
The orc hits you but does no damage.
The orc priest looks braver for a moment.
It was a potion of degeneration.
There was something very wrong with that liquid.
You feel weakened.
You feel dopey.
You feel clumsy. You block the orc's attack.
The orc priest calls down the wrath of Beogh upon you.
Beogh smites you!
* * * LOW HITPOINT WARNING * * *
It was a potion of mutation.
You feel extremely strange.
You feel resistant to poisons.
You feel a little pissed off. The orc closely misses you.
The orc priest mumbles some strange prayers to Beogh against you.
Beogh smites you!
You die...

...+...............#
...####.############
.............#
......[......# ###
.............# ...
^............# #.# #
###..........# ..#.#
###........[.#o###.#.#
.##..........#oo@.?..#
.##..........#####.###
..#..........# #.#
#.#..........# #.#
#.#####.###### #.#
#..# #.# #.# ##.# #.#
#.# #.# #.# #.# #.##
#.# #.#


You could see 2 orc priests and an orc.

Vanquished Creatures
  3 adders (D:3)
  An ooze (D:3)
  2 worms (D:2)
  3 dart slugs
  A giant gecko (D:2)
  2 orcs (D:3)
  9 bats
  5 giant cockroaches
  6 goblins
  7 hobgoblins
  8 jackals
  2 quokkas (D:2)
  3 giant newts
  5 kobolds
  7 rats
64 creatures vanquished.

Notes
Turn   | Place    | Note
-------+----------+-------------------------------------------
     0 | D:1      | towersofbeng the Minotaur Fighter began the quest for the Orb.
     0 | D:1      | Reached XP level 1. HP: 19/19 MP: 0/0
    83 | D:1      | Reached XP level 2. HP: 27/27 MP: 1/1
   461 | D:2      | Reached XP level 3. HP: 32/33 MP: 2/2
  1020 | D:3      | Reached XP level 4. HP: 40/41 MP: 3/3
  1067 | D:3      | Found a shimmering altar of Xom.
  1069 | D:3      | Found a glowing golden altar of the Shining One.
  1072 | D:3      | Found a white marble altar of Elyvilon.
  1073 | D:3      | Found a shattered altar of Ashenzari.
  1078 | D:3      | Found a shadowy altar of Dithmenos.
  1887 | D:3      | HP: 2/41 [orc priest/divine providence (8)]
  1888 | D:3      | Gained mutation: Your system is resistant to poisons. (rPois) [potion of mutation]
  1888 | D:3      | Gained mutation: You tend to lose your temper in combat. [potion of mutation]
  1888 | D:3      | Killed from afar by an orc priest

Vault maps used:
D:1:      roderic_crossed_star
D:2:      first_bread
D:3:      minitemple

Skill      XL: |  1  2  3 |
---------------+----------+-----
Fighting       | 4 |  4.6
Armour         | 4 |  4.3
Shields        | 4 |  4.3
Axes           | 3 |  3.6
Dodging        | |  0.9

Action                   |  1- 3 |  4- 6 || total
-------------------------+-------+-------++-------
Melee: War axe           |    92 |    54 ||   146
       Headbutt          |    20 |     7 ||    27
  Use: Potion            |       |     5 ||     5
  Eat: Chunk             |       |     3 ||     3
Armor: Scale mail        |    45 |    22 ||    67
Dodge: Dodged            |    29 |    16 ||    45
Block: Shield            |    61 |    26 ||    87
